 Dungeon Crawl Stone Soup version 0.21-a0-251-g5e8393f (webtiles) character file.

3 RandomMack the Sneak (level 1, -5/10 HPs)
             Began as a Spriggan Assassin on Sept 5, 2017.
             Killed by divine providence
             ... invoked by an orc priest
              (10 damage)
             ... on level 5 of the Dungeon.
             The game lasted 00:01:32 (507 turns).

RandomMack the Sneak (Spriggan Assassin)             Turns: 507, Time: 00:01:33

Health: -5/10      AC:  3    Str:  7    XL:     1   Next: 41%
Magic:  2/2        EV: 17    Int: 12    God:
Gold:   14         SH:  0    Dex: 17    Spells: 0/0 levels left

rFire    . . .     SeeInvis +   a - +2 dagger
rCold    . . .     Gourm    .   (shield restricted)
rNeg     . . .     Faith    .   c - +0 robe
rPois    .         Spirit   .   (helmet restricted)
rElec    .         Reflect  .   d - +0 cloak
rCorr    .         Harm     .   (gloves unavailable)
MR       .....                  (boots unavailable)
Stlth    +++.......             (no amulet)
HPRegen  0.03/turn              (no ring)
MPRegen  0.08/turn              (no ring)

@: very quick
A: unfitting armour, see invisible, herbivore 3, speed 3, slow metabolism 2
a: no special abilities


You were on level 5 of the Dungeon.
You were not hungry.

You visited 1 branch of the dungeon, and saw 5 of its levels.

You collected 14 gold pieces.

Inventory:

Hand Weapons
 a - a +2 dagger (weapon)
 b - a +0 blowgun
Missiles
 e - 8 poisoned needles
 f - 2 curare-tipped needles
Armour
 c - a +0 robe (worn)
 d - a +0 cloak (worn)
Scrolls
 h - a scroll of enchant armour {unknown}
 j - a scroll of remove curse {unknown}
 l - a scroll of enchant weapon {unknown}
 m - a scroll of teleportation {unknown}
Potions
 k - a potion of curing {unknown}
Books
 i - a book of Necromancy
   (You found it on level 3 of the Dungeon)
Comestibles
 g - 2 bread rations {@e1}


   Skills:
 - Level 1.5 Fighting
 - Level 2.1 Short Blades
 - Level 2.0 Throwing
 - Level 1.5 Dodging
 + Level 6.2 Stealth


You couldn't memorise any spells.
You didn't know any spells.

Dungeon Overview and Level Annotations

Branches:
Dungeon (5/15)
 Temple: D:4-7

Altars:
Hepliaklqana
Trog
Xom


Innate Abilities, Weirdness & Mutations

You are very small and have problems with some larger weapons.
You are too small for most types of armour.
You have supernaturally acute eyesight. (SInv)
You are a herbivore.
You cover ground extremely quickly.
You need consume almost no food.


Message History

A goblin comes into view.
A rat comes into view.
A river rat comes into view.
A rat comes into view.
A bat comes into view.
You now have 14 gold pieces.
You hear the slow rusting of a very distant drain.
You enter the shallow water.
Moving in this stuff is going to be slow.
You enter the shallow water.
Moving in this stuff is going to be slow.
You see here a ring mail.
You enter the shallow water.
Moving in this stuff is going to be slow.
j - a scroll labeled METREI QUNOO Unknown command.
Health restored: 10 Unknown command.
A giant cockroach comes into view.
Found a stone staircase leading up.
The helpless giant cockroach fails to defend itself.
You impale the giant cockroach!!
You kill the giant cockroach!
Your Stealth skill increases to level 6!
Found an escape hatch in the ceiling.
You see here a giant cockroach corpse.
A leopard gecko comes into view.
Found a stone staircase leading down.
The leopard gecko hisses angrily.
There is a stone staircase leading down here.
You climb downwards.
There is a stone staircase leading up here.
An orc comes into view. It is wielding a mace of protection.
Things that are here:
a trident; a smoky puce potion An orc is nearby!
The helpless orc fails to defend itself.
You impale the orc!!
You kill the orc!
k - a mace of protection A hound comes into view.
Drop what? 11/52 slots (_ for help) (? for menu, Esc to quit)
You drop a mace of protection.
k - a smoky puce potion You see here a trident.
Okay, then.
An adder comes into view.
An adder is nearby!
The adder hisses angrily.
You see here a trident.
You see here a mace of protection.
l - a scroll labeled LOISAG VAOD
There are no items here.
An adder comes into view.
The adder hisses angrily.
You see here a whip.
An iguana comes into view.
A ball python comes into view.
The ball python hisses angrily.
You see here a scroll labeled RIFANUONUSK.
m - a scroll labeled RIFANUONUSK You open the door.
The ball python misses you. The ball python grabs you.
The ball python constricts you.
There is an open door here.
You take 1 damage, and have 9/10 hp.
You escape the ball python's grasp.
Found a stone staircase leading down.
There is a stone staircase leading down here.
You climb downwards.
There is a stone staircase leading up here.
A worker ant comes into view.
A worker ant is nearby!
A worker ant is nearby!
Health restored: 10 A giant cockroach comes into view.
You open the door.
Found a hazy altar of Hepliaklqana.
There is an open door here.
Found a shimmering altar of Xom.
You open the door.
There is an open door here.
An orc comes into view. It is wielding a flail.
The orc shouts!
You hear a distant blaring wail to the west.
An orc priest and an orc wizard come into view.
The orc wizard is wielding a dagger of holy wrath.
The orc wizard moves out of view. 2 orcs come into view.
The orc priest hits you with a mace.
Ouch! That really hurt!
The orc wizard shouts!
You take 5 damage, and have 5/10 hp.
MASSIVE DAMAGE!!
The orc shouts!
You hear a shout!
The orc priest calls down the wrath of Beogh upon you.
Beogh smites you!
Ouch! That really hurt!
You die...

#.8.### #_..###
###...# o####'#
...#..# #....#
########. #.##.##
#.oo.o...
#.#...###########o#
# #............@..#
#...#############
#####


You could see an orc priest, an orc wizard and an orc.

Vanquished Creatures
  An orc (D:4)
  A giant cockroach (D:3)
2 creatures vanquished.

Notes
Turn   | Place    | Note
-------+----------+-------------------------------------------
     0 | D:1      | RandomMack the Spriggan Assassin began the quest for the Orb.
     0 | D:1      | Reached XP level 1. HP: 10/10 MP: 2/2
   146 | D:3      | Noticed an eye of draining
   147 | D:3      | Found a bloodstained altar of Trog.
   148 | D:3      | Noticed an eye of draining
   345 | D:3      | Reached skill level 6 in Stealth
   370 | D:4      | Noticed a hound
   438 | D:4      | Noticed an iguana
   464 | D:5      | Entered Level 5 of the Dungeon
   466 | D:5      | Noticed a worker ant
   481 | D:5      | Found a hazy altar of Hepliaklqana.
   482 | D:5      | Found a shimmering altar of Xom.
   482 | D:5      | Noticed an unseen horror
   483 | D:5      | Noticed an unseen horror
   483 | D:5      | Noticed a spectral ugly thing
   503 | D:5      | Noticed an orc priest
   503 | D:5      | Noticed an orc wizard
   507 | D:5      | Killed from afar by an orc priest

Vault maps used:
D:1:      lemuel_arrival_muddy
D:3:      trog_eyes_of_draining, portal_sewer_entry_e, serial_bayou,
          serial_bayou_pond_c, serial_bayou_pond_b, serial_bayou_lagoon_a,
          serial_bayou_pond_a, okawaru_altar_gauntlet_db
D:4:      solitary_fountain, minivault_19
D:5:      regret_index_temple_of_mockery, first_bread, led_sif_pool

Skill      XL: |  1 |
---------------+----+-----
Stealth        | 6 |  6.2
Fighting       | |  1.5
Short Blades   | |  2.1
Throwing       | |  2.0
Dodging        | |  1.5

Action                   || total
-------------------------++-------
Melee: Dagger            ||     4
 Stab: Sleeping          ||     2
Armor: Robe              ||     1
Dodge: Dodged            ||     7

Table legend:
 A = Spawn XP
 B = Non-spawn XP
 C = Spawn XP percentage of total XP
 D = Spawn monster count
 E = Non-spawn monster count
 F = Spawn count percentage of total count
 G = Total turns spent on level
                    A         B        C        D         E        F      G
               +---------+---------+-------+---------+---------+-------+---------
         Total |       0 |       5 |   0.0 |       0 |       2 |   0.0 |   507
               +---------+---------+-------+---------+---------+-------+---------
           D:3 |       0 |       2 |   0.0 |       0 |       1 |   0.0 |   225
           D:4 |       0 |       3 |   0.0 |       0 |       1 |   0.0 |   112
               +---------+---------+-------+---------+---------+-------+---------

Vault maps used:
D:1:      lemuel_arrival_muddy
D:3:      trog_eyes_of_draining, portal_sewer_entry_e, serial_bayou,
          serial_bayou_pond_c, serial_bayou_pond_b, serial_bayou_lagoon_a,
          serial_bayou_pond_a, okawaru_altar_gauntlet_db
D:4:      solitary_fountain, minivault_19
D:5:      regret_index_temple_of_mockery, first_bread, led_sif_pool

Table legend:
 A = Turns spent in this place as a percentage of turns spent in the entire game.
 B = Non-inter-level travel turns spent in this place as a percentage of non-inter-level travel turns spent in the entire game.
 C = Inter-level travel turns spent in this place as a percentage of turns spent in this place.
 D = Turns resting spent in this place as a percentage of non-inter-level travel turns spent in this place.
 E = Turns spent auto-exploring this place as a percentage of non-inter-level travel turns spent in this place.
 F = Non-inter-level travel turns spent in this place divided by the number of levels of this place that you've seen.
                   A       B       C       D       E      F
               +-------+-------+-------+-------+-------+----------------------
         Total | 100.0 | 100.0 |   0.0 |   0.0 |  28.6 | 101.4
       Dungeon | 100.0 | 100.0 |   0.0 |   0.0 |  28.6 | 101.4
               +-------+-------+-------+-------+-------+----------------------

Table legend:
 A = Kills in this place as a percentage of kills in entire the game.
 B = Kills by you in this place as a percentage of kills by you in the entire game.
 C = Kills by friends in this place as a percentage of kills by friends in the entire game.
 D = Other kills in this place as a percentage of other kills in the entire game.
 E = Experience gained in this place as a percentage of experience gained in the entire game.
 F = Experience gained in this place divided by the number of levels of this place that you have seen.
                   A       B       C       D       E      F
               +-------+-------+-------+-------+-------+----------------------
         Total | 100.0 | 100.0 |   N/A |   N/A | 100.0 |   1.0
       Dungeon | 100.0 | 100.0 |   N/A |   N/A | 100.0 |   1.0
               +-------+-------+-------+-------+-------+----------------------
